Map: Arctic Gates

Players

hergendy

  • Race: Protoss Protoss
  • League: Diamond
  • Spawn Location: 0:00

Lomi

  • Race: Terran Terran
  • League: Gold
  • Spawn Location: 3:00

ILIEKEGGPIE

  • Race: Protoss Protoss
  • League: Platinum
  • Spawn Location: 0:00

mouse

  • Race: Terran Terran
  • League: Gold
  • Spawn Location: 9:00

VOD

Have the link to the VOD?

Description

Time

  • Played on: May 4, 2018, 6:33 a.m.
  • Length: 5:38
Show
View Real Time Build Order
Export as new Build Order

hergendy Protoss 

Build Orders: Oracle Opening, Carrier Rush 

Get SALT Encoding   

  12  0:00  Probe  
  13  0:13  Probe  
  14  0:22  Pylon  
  14  0:25  Probe  
  15  0:40  Probe  
  15  0:42  Gateway  
  16  0:48  Assimilator  
  16  0:52  Probe  
  17  0:57  Pylon  
  17  1:05  Probe  
  18  1:18  Assimilator  
  18  1:19  Probe  
  19  1:29  Cybernetics Core  
  19  1:31  Pylon  
  19  1:33  Probe  
  20  1:45  Probe  
  21  1:57  Probe  
  22  2:07  Stargate  
  22  2:09  Probe  
  22  2:10  Pylon  
  23  2:30  Nexus  
  23  2:50  Oracle  
  26  3:07  Fleet Beacon  
  26  3:23  Pylon  
  26  3:26  Pylon  
  26  3:33  Void Ray  
  30  3:42  Forge  
  30  4:10  Carrier, Probe x2  
  32  4:22  Probe x2  
  40  4:27  Assimilator  
  40  4:31  Assimilator  
  40  4:47  Probe x2  
  42  5:03  Probe x2  
  44  5:15  Probe x2  
Show
View Real Time Build Order
Export as new Build Order

Lomi Terran 

Build Orders:  

Get SALT Encoding   

  12  0:01  SCV  
  13  0:13  SCV  
  14  0:28  Supply Depot, SCV  
  15  0:50  SCV  
  15  0:52  Barracks  
  15  0:57  Refinery  
  16  1:00  Refinery  
  16  1:02  SCV  
  17  1:14  SCV  
  18  1:22  Barracks  
  18  1:26  SCV  
  19  1:43  Supply Depot  
  19  1:45  Barracks Reactor  
  19  1:47  SCV  
  20  1:59  SCV  
  21  2:11  SCV  
  22  2:18  Factory  
  22  2:22  Barracks Reactor  
  22  2:23  SCV  
  23  2:31  Marine x2  
  23  2:35  SCV  
  26  2:47  SCV  
  26  3:04  Marine x2  
  28  3:06  Cyclone  
  31  3:12  Supply Depot  
  31  3:17  Orbital Command  
  31  3:34  Marine x4  
  35  3:42  Cyclone  
  35  3:45  Supply Depot  
  38  3:52  Marine  
  39  4:07  Marine  
  40  4:17  Marine, Cyclone  
  40  4:18  Marine  
  45  4:27  Command Center  
  45  4:49  Marine x2  
  47  4:55  Factory Tech Lab  
Show
View Real Time Build Order
Export as new Build Order

ILIEKEGGPIE Protoss 

Build Orders:  

Get SALT Encoding   

  12  0:01  Probe  
  13  0:13  Pylon  
  13  0:20  Probe  
  14  0:28  Probe  
  15  0:36  Probe  
  15  0:42  Gateway  
  16  0:48  Probe  
  17  0:53  Assimilator  
  17  1:02  Pylon  
  17  1:04  Probe  
  18  1:16  Probe  
  19  1:28  Probe  
  19  1:29  Gateway  
  20  1:36  Cybernetics Core  
  20  1:44  Gateway  
  20  1:50  Probe  
  21  2:01  Assimilator  
  21  2:02  Probe  
  22  2:10  Gateway  
  22  2:14  Warp Gate  
  22  2:26  Stalker  
  24  2:31  Stalker  
  24  2:35  Zealot  
  28  2:58  Stalker, Pylon  
  30  3:14  Stalker  
  30  3:16  Stalker  
  34  3:35  Stalker  
  14  4:24  Forge  
  14  4:26  Stalker x2  
  16  4:49  Probe  
  17  5:18  Probe  
  13  5:26  Probe  
Show
View Real Time Build Order
Export as new Build Order

mouse Terran 

Build Orders:  

Get SALT Encoding   

  12  0:01  SCV  
  13  0:13  SCV  
  14  0:18  Supply Depot  
  14  0:25  SCV  
  15  0:32  Refinery  
  15  0:48  Refinery, SCV  
  16  1:00  SCV  
  17  1:11  Barracks  
  17  1:15  SCV  
  17  1:17  Barracks  
  18  1:27  SCV  
  19  1:37  Supply Depot  
  19  1:39  SCV  
  20  1:51  SCV  
  21  1:59  Barracks Tech Lab  
  21  2:03  SCV  
  21  2:07  Factory  
  22  2:10  Marine  
  23  2:27  Ghost Academy  
  23  2:29  SCV  
  24  2:32  Barracks Reactor  
  24  2:51  Orbital Command  
  24  2:53  Factory Reactor  
  24  3:00  Supply Depot  
  24  3:02  Nuke  
  24  3:14  Starport  
  24  3:30  Supply Depot  
  24  3:32  Widow Mine  
  26  3:35  Ghost  
  28  3:50  Marine  
  29  3:58  Personal Cloaking  
  29  4:02  Barracks  
  29  4:05  Cyclone  
  29  4:08  Marine  
  33  4:20  Medivac  
  35  4:36  Marine x2  
  37  4:54  Marine x2  
  37  4:55  Cyclone  
  42  5:03  Barracks Reactor  
  42  5:04  Supply Depot  
  42  5:12  Marine x2  
  44  5:27  Supply Depot  
Tags
 
Add a new tag
Caveats
  • Supply blocks, unpowered buildings, or Contaminate may cause inaccurate times.
  • Supply counts are checked every 10 seconds.